 Dungeon Crawl Stone Soup version 0.19-a0-1637-gfc13266 (webtiles) character file.

2497 mmcf the Grappler (level 9, -1/89 HPs)
             Began as a Troll Monk on Sept 20, 2016.
             Was a Priest of Ru.
             Slain by Gastronok (18 damage)
             ... on level 8 of the Dungeon.
             The game lasted 00:17:00 (6671 turns).

mmcf the Grappler (Troll Monk)                      Turns: 6671, Time: 00:17:00

Health: -1/89      AC:  6    Str: 21    XL:     9   Next: 28%
Magic:  8/8        EV: 13    Int:  6    God:    Ru [***...]
Gold:   230        SH:  0    Dex: 15    Spells: 1 memorised, 5 levels left

rFire  x . .     SeeInvis .       - Unarmed
rCold  x . .     Gourm    +     a - +0 robe
rNeg   . . .     Faith    .     (no shield)
rPois  +         Spirit   .     (helmet restricted)
rElec  .         Dismiss  .     O - +0 cloak
rCorr  .         Reflect  .     (gloves unavailable)
MR     .....     Harm     .     (boots unavailable)
Stlth  ++........               (no amulet)
                                (no ring)
                                i - ring of poison resistance

@: slowed, very slow
A: unfitting armour, claws 3, fast metabolism 3, gourmand, regeneration 1,
shaggy fur 1, tough skin 2, temperature sensitive
a: Draw Out Power, Renounce Religion


You were on level 8 of the Dungeon.
You worshipped Ru.
Ru was most pleased with you.
You were very hungry.

You visited 2 branches of the dungeon, and saw 10 of its levels.

You collected 386 gold pieces.
You spent 156 gold pieces at shops.

Inventory:

Hand Weapons
 x - a +1 giant spiked club
 E - a +0 giant club
 P - a +4 quarterstaff of chaos
Missiles
 n - 2 javelins (quivered)
 D - 17 poisoned needles
Armour
 a - a +0 robe (worn)
 O - a +0 cloak (worn)
Jewellery
 i - a ring of poison resistance (left claw)
Wands
 G - a wand of iceblast (13/15)
 I - a wand of confusion (37/48)
 L - a wand of paralysis (9/24)
 N - a wand of paralysis (11/24)
Scrolls
 d - a scroll of magic mapping
 f - a scroll of remove curse
 g - 3 scrolls of enchant weapon
 h - a scroll of amnesia
 m - a scroll of immolation {unknown}
 o - a scroll of fog {unknown}
 q - a scroll of fear
 v - 2 scrolls of enchant armour {unknown}
 w - 2 scrolls of recharging
 B - a scroll of noise {unknown}
 C - a scroll of silence {unknown}
 H - a scroll of blinking {unknown}
 K - a scroll of identify
Potions
 c - a potion of ambrosia
 k - a potion of agility
 l - 3 potions of haste
 p - 2 potions of curing
 r - a potion of invisibility
 t - 3 potions of mutation
 u - a potion of heal wounds {unknown}
 z - a potion of might
 A - a potion of cancellation
 M - a potion of magic {unknown}
Books
 e - Sif Muna's Papyrus of Poisoning
   (You found it on level 4 of the Dungeon)

   Spells                             Type                      Level
   a - Sting                          Conjuration/Poison           1
 y - a Fen Folio

   Spells                             Type                      Level
   a - Corpse Rot                     Necromancy                   2
   b - Stone Arrow                    Conjuration/Earth            3
   c - Leda's Liquefaction            Hexes/Earth                  4
   d - Summon Forest                  Summoning/Translocation      5
   e - Hydra Form                     Transmutation                6
   f - Summon Hydra                   Summoning                    7
 J - a book of Battle

   Spells                             Type                      Level
   a - Infusion                       Charms                       1
   b - Shroud of Golubria             Charms/Translocation         2
   c - Song of Slaying                Charms                       2
   d - Spectral Weapon                Hexes/Charms                 3
   e - Regeneration                   Charms/Necromancy            3
Comestibles
 b - 6 bread rations
 j - 4 beef jerkies
 s - 5 meat rations
 F - 3 slices of pizza


   Skills:
 + Level 5.9 Fighting
 + Level 5.8 Dodging
 - Level 1.1 Stealth
 + Level 9.3 Unarmed Combat


You had 5 spell levels left.
You knew the following spells:

 Your Spells              Type           Power        Failure   Level  Hunger
a - Regeneration          Chrm/Necr      #.........   97%         3    ####...


Dungeon Overview and Level Annotations

Branches:
Dungeon (9/15)             Temple (1/1) D:5
   Lair: D:8-11         Orc: D:9-12

Altars:
Ashenzari
Elyvilon
Fedhas
Hepliaklqana
Kikubaaqudgha
Nemelex Xobeh
Okawaru
Qazlal
Ru
Sif Muna
Trog
Uskayaw
Vehumet
Yredelemnul

Shops:
D:5 *

Annotations:
D:8 Gastronok


Innate Abilities, Weirdness & Mutations

You are too large for most types of armour.
You have claws for hands.
Your metabolism is lightning-fast.
You like to eat raw meat.
Your natural rate of healing is unusually fast.
You are covered in fur. (AC +1)
You have very tough skin. (AC +2)
You are sensitive to extremes of temperature. (rF-, rC-)


Message History

You claw Gastronok!
Gastronok is lightly wounded.
The giant cockroach bites you but does no damage.
Gastronok bites you!!
You claw Gastronok!
Gastronok is moderately wounded.
The giant cockroach closely misses you.
The giant cockroach bites you but does no damage.
You claw Gastronok!
Gastronok is moderately wounded.
The giant cockroach barely misses you.
Gastronok waves his eye-stalks in wide circles.
The air twists around and strikes you!
* * * LOW HITPOINT WARNING * * *
You scratch Gastronok but do no damage.
Gastronok is moderately wounded.
The giant cockroach bites you but does no damage. x2
You redirect Gastronok's attack!
Gastronok bites you!!
You die...

#....).......##
#.#
####()....####
#..
######)####.##
###
#.....).)....#
##
#.####.##......
.. ###.##..$.##
## #...# ##..
##.####..# #
#.@.......
#...ws####.#.
#......
##.##.## #. #.#
. ..# #. #.#
#.#


You could see Gastronok and a giant cockroach.

Vanquished Creatures
  Prince Ribbit (D:5)
  A sky beast (D:6)
  2 ice beasts
  3 ogres
  2 phantoms
  3 centaurs
  A big kobold (D:8)
  A gnoll sergeant (D:7)
  4 killer bees (D:7)
  2 crimson imps
  A centaur zombie (D:7)
  Crazy Yiuf (D:7)
  2 hounds (D:6)
  A jelly (D:6)
  4 orc wizards
  An iguana (D:5)
  3 centaur skeletons (D:4)
  Terence (D:3)
  Natasha (thrice) (D:3)
  3 worker ants
  A hound zombie (D:5)
  A hound skeleton (D:7)
  Robin (D:3)
  17 gnolls
  8 adders
  2 shadow imps
  2 adder zombies
  An adder skeleton (D:7)
  4 worms
  A dart slug (D:3)
  6 leopard geckos
  13 orcs
  10 bats
  6 giant cockroaches
  18 goblins
  10 hobgoblins
  8 jackals
  11 kobolds
  3 quokkas
  2 ball pythons
  3 frilled lizards
  6 rats
174 creatures vanquished.

Notes
Turn   | Place    | Note
-------+----------+-------------------------------------------
     0 | D:1      | mmcf the Troll Monk began the quest for the Orb.
     0 | D:1      | Reached XP level 1. HP: 22/22 MP: 0/0
    93 | D:1      | Reached XP level 2. HP: 29/29 MP: 1/1
   188 | D:2      | Reached skill level 4 in Unarmed Combat
   193 | D:1      | Reached XP level 3. HP: 26/36 MP: 2/2
   886 | D:2      | Reached skill level 5 in Unarmed Combat
   886 | D:2      | Reached XP level 4. HP: 41/44 MP: 3/3
  1867 | D:3      | Noticed Robin
  1891 | D:3      | Killed Robin
  2068 | D:3      | Found a basalt altar of Yredelemnul.
  2121 | D:3      | Reached XP level 5. HP: 46/50 MP: 4/4
  2151 | D:3      | Noticed Natasha
  2159 | D:3      | Killed Natasha
  2159 | D:3      | Reached skill level 6 in Unarmed Combat
  2233 | D:3      | Noticed Terence
  2238 | D:3      | Killed Terence
  2292 | D:3      | Noticed Natasha
  2300 | D:3      | Killed Natasha
  2353 | D:3      | Noticed Natasha
  2361 | D:3      | Killed Natasha
  2459 | D:3      | Found a white marble altar of Elyvilon.
  2551 | D:3      | Reached XP level 6. HP: 56/59 MP: 5/5
  2688 | D:3      | Reached skill level 7 in Unarmed Combat
  2905 | D:4      | Found a shattered altar of Ashenzari.
  3166 | D:4      | Found a deep blue altar of Sif Muna.
  3193 | D:4      | Reached XP level 7. HP: 48/67 MP: 6/6
  3194 | D:4      | Identified Sif Muna's Papyrus of Poisoning
  3355 | D:5      | Entered Level 5 of the Dungeon
  3872 | D:5      | Found a staircase to the Ecumenical Temple.
  3877 | Temple   | Entered the Ecumenical Temple
  3885 | Temple   | Became a worshipper of Ru the Awakened
  3902 | Temple   | Gained mutation: You are sensitive to extremes of temperature. (rF-, rC-) [Ru sacrifice]
  3902 | Temple   | Reached * piety under Ru
  3902 | Temple   | Reached ** piety under Ru
  3902 | Temple   | Reached *** piety under Ru
  3986 | D:5      | Found Kufef's General Store.
  3989 | D:5      | Bought a potion of might for 52 gold pieces
  3989 | D:5      | Bought a potion of cancellation for 104 gold pieces
  4188 | D:5      | Reached skill level 8 in Unarmed Combat
  4203 | D:5      | Reached XP level 8. HP: 76/78 MP: 7/7
  4310 | D:5      | Noticed Prince Ribbit
  4326 | D:5      | Killed Prince Ribbit
  4916 | D:6      | Reached skill level 5 in Fighting
  4953 | D:6      | Reached skill level 5 in Dodging
  5185 | D:6      | Reached skill level 9 in Unarmed Combat
  5472 | D:6      | Reached XP level 9. HP: 83/88 MP: 8/8
  5616 | D:6      | Learned a level 3 spell: Regeneration
  6316 | D:7      | Found a runed door.
  6320 | D:7      | Noticed Crazy Yiuf
  6324 | D:7      | Killed Crazy Yiuf
  6659 | D:8      | Noticed Gastronok
  6671 | D:8      | Slain by Gastronok

Vault maps used:
D:1:      scummos_arrival_simple_fountains
D:2:      first_bread
D:3:      lemuel_doored_altar, nicolae_overflow_crystal_walls,
          minmay_divided_ellipse, uniq_terence, uniq_robin, uniq_natasha
D:4:      evilmike_ruin_ashenzari, led_sif_book
D:5:      serial_shops, nicolae_shop_behind_doors, uniq_prince_ribbit1
D:6:      item_on_display_a
D:7:      uniq_crazy_yiuf_cottage
D:8:      hangedman_pestilent_swarm, uniq_grum, uniq_gastronok
D:9:      minmay_lair_entry_lava, orc_0_dummy, serial_shops,
          kennysheep_little_box, hangedman_minor_gate_pass
Temple:   eino_narrow_crystal_temple

Skill      XL: |  1  2  3  4  5  6  7  8 |
---------------+-------------------------+-----
Unarmed Combat | 4 5 6 7 8 9 |  9.3
Fighting       | 3 4 5 |  5.9
Dodging        | 3 4 5 |  5.8
Stealth        | |  1.1

Action                   |  1- 3 |  4- 6 |  7- 9 || total
-------------------------+-------+-------+-------++-------
Melee: Unarmed           |    63 |   182 |   265 ||   510
       Punch             |     1 |     3 |    19 ||    23
Throw: Javelin           |       |     4 |       ||     4
Invok: Sacrifice Resista |       |       |     1 ||     1
       Draw Out Power    |       |       |     1 ||     1
       Reject Sacrifices |       |       |     1 ||     1
  Use: Scroll            |       |     9 |     7 ||    16
       Potion            |       |     1 |       ||     1
 Stab: Sleeping          |     2 |     6 |     3 ||    11
  Eat: Chunk             |     6 |    29 |    22 ||    57
Armor: Robe              |    24 |    71 |    61 ||   156
Dodge: Dodged            |    24 |   104 |   150 ||   278
